 Dungeon Crawl Stone Soup version 0.29.1-debian-1-gc3f1650bb9 (webtiles) character file.

Game seed: 14726402502524409908

3560 zishaf the Fortune-Teller (level 10, -1/90 HPs)
             Began as a Ghoul Warper on Sept 12, 2022.
             Was a Believer of Nemelex Xobeh.
             Slain by a gnoll
             ... wielding a +0 halberd
             ... led by a gnoll sergeant
              (4 damage)
             ... on level 8 of the Dungeon.
             The game lasted 00:15:45 (11159 turns).

zishaf the Fortune-Teller (Ghoul Warper)           Turns: 11159, Time: 00:15:46

Health: -1/90      AC:  9    Str: 20    XL:     10   Next: 9%
Magic:  15/15      EV: 12    Int:  8    God:    Nemelex Xobeh [**....]
Gold:   1546       SH:  0    Dex:  8    Spells: 12/12 levels left

rFire   . . .      SeeInvis .   a - +0 broad axe (vamp)
rCold   + . .      Faith    +   (no shield)
rNeg    + + +      Spirit   .   q - +3 leather armour
rPois   ∞          Reflect  .   (no helmet)
rElec   .          Harm     .   (no cloak)
rCorr   .          Rampage  .   k - +1 pair of gloves
Will    +....                   v - +0 pair of boots
Stlth   +.........              g - amulet of faith
HPRegen 0.00/turn               A - ring of willpower
MPRegen 0.14/turn               (no ring)

@: mighty, inhibited regen
A: claws 1, cold resistance 1, negative energy resistance 3, inhibited
regeneration, torment resistance 2, devour on kill
a: Renounce Religion, Draw Escape, Draw Destruction, Draw Summoning


You were on level 8 of the Dungeon.
You worshipped Nemelex Xobeh.
Nemelex Xobeh was pleased with you.
You visited 1 branch of the dungeon, and saw 8 of its levels.
You also visited: Sewer and Bailey.

You collected 1546 gold pieces.

Inventory:

Hand Weapons
 a - a +0 vampiric broad axe (weapon)
 b - a +1 whip of electrocution
 z - a +5 vorpal spear
Missiles
 e - 8 curare-tipped darts
 w - 19 boomerangs (quivered)
 x - 3 throwing nets
 y - 8 datura-tipped darts
Armour
 k - a +1 pair of gloves (worn)
 q - a +3 leather armour (worn)
 v - a +0 pair of boots (worn)
Jewellery
 g - an amulet of faith (around neck)
 A - a ring of willpower (left hand)
 B - an amulet of regeneration
Wands
 o - a wand of mindburst (8)
 p - a wand of roots (5)
 r - a wand of polymorph (8)
Scrolls
 c - a scroll of blinking
 s - a scroll of teleportation
 C - a scroll of fear {unknown}
Potions
 d - a potion of brilliance
 f - 3 potions of might
 h - a potion of mutation {unknown}
 i - a potion of resistance {unknown}
 j - 2 potions of heal wounds
 l - 2 potions of lignification {unknown}
 m - 2 potions of haste
 n - a potion of flight {unknown}
 t - 3 potions of curing {unknown}
 u - 2 potions of degeneration {unknown}


   Skills:
 + Level 8.4 Fighting
 * Level 2.5(4.5) Axes
 - Level 5.0(5.3) Maces & Flails
 - Level 2.6(3.2) Polearms
 - Level 0.8 Throwing
 - Level 3.0 Armour
 - Level 3.0 Dodging
 - Level 2.1 Unarmed Combat
 - Level 1.7 Spellcasting
 - Level 2.6 Translocations
 * Level 8.5 Invocations
 - Level 3.0 Evocations


You had 12 spell levels left.
You didn't know any spells.
Your spell library contained the following spells:

 Spells                   Type           Power      Damage    Failure   Level
 Blink                    Tloc           10%        N/A       22%         2
 Sandblast                Erth           0%         2d4       38%         1
 Gell's Gravitas          Tloc           5%         N/A       38%         3
 Lesser Beckoning         Tloc           5%         N/A       38%         3
 Teleport Other           Tloc           5%         N/A       38%         3
 Cigotuvi's Dreadful Rot  Necr/Pois/Air  0%         N/A       54%         2
 Ensorcelled Hibernation  Hex/Ice        0%         N/A       54%         2
 Passwall                 Tmut/Erth      0%         N/A       54%         2
 Poisonous Vapours        Pois/Air       0%         N/A       54%         2
 Dazzling Flash           Conj/Hex       0%         N/A       77%         3
 Stone Arrow              Conj/Erth      0%         3d7       77%         3
 Swiftness                Air            0%         N/A       77%         3
 Manifold Assault         Tloc           5%         N/A       80%         4
 Iskenderun's Mystic Bla  Conj/Tloc      2%         2d3       94%         4
 Olgreb's Toxic Radiance  Pois           0%         N/A       99%         4
 Starburst                Conj/Fire      0%         6d3       100%        6
 Ozocubu's Refrigeration  Ice            0%         4d7       100%        7
 Ignition                 Fire           0%         3d3       100%        8


Dungeon Overview and Level Annotations

Branches:
Dungeon (8/15)             Temple (0/1) D:6           Sewer (visited)
 Bailey (visited)
   Lair: D:8-11

Altars:
Gozag
Nemelex Xobeh
Vehumet
Yredelemnul

Shops:
D:2 *

Annotations:
D:3 exclusion: statue
D:6 1 runed translucent door, jlumianski's ghost, novice DsGl


Innate Abilities, Weirdness & Mutations

You are immune to poison.
You have sharp fingernails.
Your flesh is cold resistant. (rC+)
You are immune to negative energy. (rN+++)
You do not regenerate when monsters are visible.
You are immune to unholy pain and torment.
You thrive by killing the living.


Message History

The gnoll sergeant hits you with a +0 spear.
The gnoll barely misses you. The gnoll sergeant blocks your attack.
The gnoll sergeant is lightly wounded.
The gnoll sergeant barely misses you.
The gnoll hits you from afar with a +0 halberd.
The gnoll sergeant completely misses you.
The gnoll hits you from afar with a +0 halberd!
The gnoll sergeant blocks your attack.
The gnoll sergeant is lightly wounded.
The gnoll sergeant hits you with a +0 spear.
The gnoll hits you but does no damage.
You hit the gnoll sergeant but do no damage.
The gnoll sergeant is lightly wounded.
The gnoll sergeant closely misses you. The gnoll closely misses you.
The gnoll sergeant hits you but does no damage.
The gnoll hits you from afar with a +0 halberd!
You feel very mighty all of a sudden.
The gnoll sergeant hits you with a +0 spear.
The gnoll barely misses you.
You slash the gnoll sergeant!
The gnoll sergeant is heavily wounded.
The gnoll sergeant hits you with a +0 spear.
The gnoll hits you from afar with a +0 halberd!
You hit the gnoll sergeant but do no damage.
The gnoll sergeant is heavily wounded.
The gnoll sergeant hits you with a +0 spear.
The gnoll hits you from afar with a +0 halberd!
* * * LOW HITPOINT WARNING * * *
The gnoll sergeant blocks your attack.
The gnoll sergeant is heavily wounded.
The gnoll sergeant hits you with a +0 spear.
* * * LOW HITPOINT WARNING * * *
The gnoll hits you from afar with a +0 halberd!
* * * LOW HITPOINT WARNING * * *
The gnoll sergeant hits you with a +0 spear.
* * * LOW HITPOINT WARNING * * *
The gnoll hits you from afar with a +0 halberd.
You die...
Your body disappears without a glow.

#..........###
###...###..... ##
#...###...#.#. .#
###.### #.#...# ##+#
.###...#####.#.####g.$F.
................gF.g.g..
.###.#####.....#g#######
####.# ##...###g#
#..####..#####@#
##...#....# #...#
##..>...#.###..###
#.......#.#...#
#.....(.....##
#......)######
..............
........###### ...<....#


You could see a gnoll sergeant, a bullfrog and 2 gnolls.

Vanquished Creatures
  Sigmund (D:6)
  A steam dragon (D:7)
  An acid dragon (D:7)
  A water moccasin (D:8)
  7 orc warriors
  3 ogres
  A centaur (D:7)
  2 bullfrogs
  10 kobold brigands
  A phantom (D:7)
  A necrophage (D:6)
  A scorpion (D:5)
  A howler monkey (D:5)
  4 jellies
  An orc priest (D:4)
  4 hounds
  5 iguanas
  Terence (D:3)
  4 orc wizards
  6 gnolls
  10 adders
  3 river rats
  2 shadow imps
  4 worms
  24 orcs
  11 endoplasms
  3 giant cockroaches
  12 goblins
  6 hobgoblins
  9 jackals
  4 quokkas
  8 ball pythons
  3 bats
  3 frilled lizards
  25 kobolds
  8 rats
191 creatures vanquished.

Vanquished Creatures (collateral kills)
  A centaur (D:7)
  A gnoll sergeant (D:7)
  2 gnolls (D:7)
  An orc (D:7)
5 creatures vanquished.

Grand Total: 196 creatures vanquished

Notes
Turn   | Place    | Note
-------+----------+-------------------------------------------
     0 | D:1      | zishaf the Ghoul Warper began the quest for the Orb.
     0 | D:1      | Reached XP level 1. HP: 17/17 MP: 2/2
   324 | D:1      | Reached skill level 1 in Armour
   658 | D:1      | Reached XP level 2. HP: 25/25 MP: 3/3
  1037 | D:2      | Found Meras's General Store.
  1593 | D:2      | Reached XP level 3. HP: 11/31 MP: 4/4
  2450 | D:2      | Reached XP level 4. HP: 22/40 MP: 5/5
  2718 | D:3      | Found a glowing drain.
  2852 | Sewer    | Entered a sewer
  3243 | Sewer    | Noticed a kobold brigand
  3268 | Sewer    | Reached XP level 5. HP: 44/46 MP: 6/6
  3278 | Sewer    | Killed a kobold brigand
  3374 | Sewer    | Noticed a kobold brigand
  3391 | Sewer    | Killed a kobold brigand
  3392 | Sewer    | Reached skill level 1 in Maces & Flails
  3392 | Sewer    | Reached XP level 6. HP: 23/55 MP: 7/7
  3591 | Sewer    | Reached skill level 5 in Fighting
  3946 | D:3      | Reached XP level 7. HP: 34/61 MP: 8/8
  4390 | D:3      | Noticed Terence
  4400 | D:3      | Killed Terence
  4519 | D:3      | Found a radiant altar of Vehumet.
  4600 | D:3      | You fall into a shaft and drop 1 floor!
  5055 | D:4      | Found an opulent altar of Gozag.
  5527 | D:4      | Reached skill level 1 in Evocations
  5599 | D:4      | Found a sparkling altar of Nemelex Xobeh.
  5873 | D:4      | Became a worshipper of Nemelex Xobeh the Trickster
  6063 | D:4      | Reached skill level 1 in Invocations
  6277 | D:5      | Entered Level 5 of the Dungeon
  6300 | D:5      | Reached XP level 8. HP: 55/70 MP: 9/9
  6794 | D:5      | Reached * piety under Nemelex Xobeh
  7207 | D:6      | Reached skill level 5 in Maces & Flails
  7283 | D:6      | Noticed Sigmund
  7306 | D:6      | Killed Sigmund
  7640 | D:6      | Reached skill level 5 in Invocations
  7640 | D:6      | Reached XP level 9. HP: 69/78 MP: 11/11
  7693 | D:6      | Noticed jlumianski's ghost (novice DsGl)
  8066 | D:6      | Found a runed translucent door.
  8098 | D:6      | Found a staircase to the Ecumenical Temple.
  8135 | D:6      | Found a basalt altar of Yredelemnul.
  8291 | D:6      | Received a gift from Nemelex Xobeh
  8775 | D:7      | Found a flagged portal.
  8964 | Bailey   | Entered a bailey
  9169 | Bailey   | Reached skill level 1 in Polearms
  9557 | Bailey   | Found a bloodstained altar of Trog.
 10157 | D:7      | Reached skill level 1 in Axes
 10435 | D:7      | Reached XP level 10. HP: 88/88 MP: 15/15
 10441 | D:7      | Reached ** piety under Nemelex Xobeh
 11159 | D:8      | HP: 4/90 [gnoll/+0 halberd[a gnoll sergeant] (11)]
 11159 | D:8      | Slain by a gnoll

Illustrated notes

Levels and vault maps discovered:
D:1:      onia_arrival_mini_spirals, layout_loops_ring, item_on_display_b
D:2:      wander_river, layout_basic, serial_shops, nicolae_shop_crystal,
          chequers_jeans
D:3:      layout_basic, vehumet_statue, portal_sewer_entry_b, uniq_terence
D:4:      layout_loops_ring, nicolae_overflow_crystal_walls,
          mainiacjoe_overflow_paths, kennysheep_big_empty_room,
          minmay_ogre_servants
D:5:      layout_loops_ring
D:6:      layout_basic, kennysheep_ying_yang, minmay_temple_entry_offerings,
          hellmonk_ghost_happy_afterlife, uniq_sigmund
D:7:      layout_cave_pods, enter_bailey_8
D:8:      layout_rooms, evilmike_ruin_ashenzari, kennysheep_generic_room_14

Skill      XL: |  1  2  3  4  5  6  7  8  9 10 |
---------------+-------------------------------+-----
Armour         | 1 2 3 |  3.0
Dodging        | 2 3 |  3.0
Fighting       | 3 4 5 6 8 |  8.4
Maces & Flails | 1 2 4 5 |  5.0
Evocations     | 1 3 |  3.0
Invocations    | 1 5 8 |  8.5
Polearms       | 2 |  2.6
Axes           | 1 2 |  2.5
Throwing       | |  0.8
Unarmed Combat | |  2.1
Spellcasting   | |  1.7
Translocations | |  2.6

Action                   |  1- 3 |  4- 6 |  7- 9 | 10-12 || total
-------------------------+-------+-------+-------+-------++-------
Melee: Unarmed           |   108 |   101 |       |       ||   209
       Punch             |     1 |     4 |    14 |       ||    19
       Whip              |       |    81 |   567 |       ||   648
       Spear             |       |       |    24 |       ||    24
       Broad axe         |       |       |       |    34 ||    34
Throw: Boomerang         |       |     7 |       |       ||     7
       Dart              |       |       |     3 |       ||     3
Invok: Draw Destruction  |       |       |     5 |       ||     5
       Draw Escape       |       |       |     1 |       ||     1
       Draw Summoning    |       |       |     1 |       ||     1
Evoke: Wand              |       |       |    10 |       ||    10
  Use: Scroll            |       |     6 |    11 |       ||    17
       Potion            |       |       |     2 |     1 ||     3
Armor: Ring mail         |    34 |    51 |    70 |       ||   155
       Leather armour    |     1 |       |   134 |    11 ||   146
       Chain mail        |       |       |    17 |       ||    17
Dodge: Dodged            |    60 |    87 |   358 |    25 ||   530
